 Dungeon Crawl Stone Soup version 0.26-a0-30-g56b8cd3df0 (webtiles) character file.

Game seed: 16314514614449462892, levelgen mode: deterministic

39 gruber the Shooter (level 3, 33/33 HPs)
             Began as a Centaur Hunter on June 3, 2020.
             Quit the game on level 2 of the Dungeon.
             The game lasted 00:01:03 (949 turns).

gruber the Shooter (Centaur Hunter)                  Turns: 949, Time: 00:01:04

Health: 33/33      AC:  4    Str: 15    XL:     3   Next: 28%
Magic:  3/3        EV:  9    Int: 10    God:
Gold:   7          SH:  0    Dex:  9    Spells: 2/2 levels left

rFire    . . .     SeeInvis .   b - +0 short sword
rCold    . . .     Gourm    .   (no shield)
rNeg     . . .     Faith    .   c - +0 leather armour
rPois    .         Spirit   .   (no helmet)
rElec    .         Reflect  .   (no cloak)
rCorr    .         Harm     .   (no gloves)
MR       .....                  (no barding)
Stlth    +.........             j - amulet of regeneration
HPRegen  0.51/turn              k - ring of flight
MPRegen  0.08/turn              (no ring)

@: slightly contaminated, very quick
A: large, hooves 3, blurry vision 1, deformed body, speed 2, tough skin 3
a: Evoke Flight


You were on level 2 of the Dungeon.
You were not hungry.

You visited 1 branch of the dungeon, and saw 2 of its levels.

You collected 7 gold pieces.

Inventory:

Hand Weapons
 a - a +1 shortbow
 b - a +0 short sword (weapon)
Missiles
 d - 20 arrows
Armour
 c - a +0 leather armour (worn)
Jewellery
 j - an amulet of regeneration (around neck)
 k - a ring of flight (left hand)
Scrolls
 g - a scroll of teleportation {unknown}
 i - a scroll of magic mapping {unknown}
 l - a scroll of remove curse {unknown}
Potions
 e - a potion of heal wounds {unknown}
Comestibles
 f - 2 rations
 h - 4 chunks of flesh


   Skills:
 + Level 3.8 Fighting
 - Level 5.3 Bows
 - Level 1.3 Dodging
 - Level 0.4 Stealth


You had 2 spell levels left.
You didn't know any spells.
Your spell library was empty.

Dungeon Overview and Level Annotations

Branches:
Dungeon (2/15)

Altars:


Innate Abilities, Weirdness & Mutations

You have hooves in place of feet.
Armour fits poorly on your strangely shaped body.
You cover ground very quickly.
You have extremely tough skin. (AC +3)
Scrolls take you a little longer to read.


Message History

Really unwield
m - a +2 short sword of distortion?
Space warps into you!
You are contaminated with residual magic.
b - a +0 short sword (weapon)
Unknown command.
Drop what? 13/52 slots (_ for help) (? for menu, Esc to quit)
You drop a +2 short sword of distortion.
f - 2 rations (gained 1)
A hobgoblin comes into view.
A hobgoblin is nearby!
You closely miss the hobgoblin. The hobgoblin hits you.
The hobgoblin misses you.
You hit the hobgoblin. You kick the hobgoblin.
You kill the hobgoblin!
No target in view!
You start waiting.
Your body shudders with the violent release of wild energies!
Your vision blurs.
You feel less contaminated with magical energies.
Are you sure you want to abandon this character and quit the game? (Confirm with "yes".)

...........[....#
................#
................#
.#..............#
#...............###
#.#........#......#
#.#....(...#####..#
..........)#
###..##.### #
#........#
#..@>...... ........#
#..†.......
..#..................
.###......#..........
######.#####...... #.
...... [. ###... #..


There were no monsters in sight!

Vanquished Creatures
  An adder (D:2)
  A worm (D:2)
  2 dart slugs (D:1)
  2 giant cockroaches (D:1)
  A goblin (D:1)
  7 hobgoblins
  3 kobolds (D:1)
  3 bats (D:1)
  2 frilled lizards
  A rat (D:1)
23 creatures vanquished.

Notes
Turn   | Place    | Note
-------+----------+-------------------------------------------
     0 | D:1      | gruber the Centaur Hunter began the quest for the Orb.
     0 | D:1      | Reached XP level 1. HP: 17/17 MP: 1/1
   271 | D:1      | Reached XP level 2. HP: 25/25 MP: 2/2
   821 | D:2      | Reached XP level 3. HP: 21/31 MP: 3/3
   948 | D:2      | Gained mutation: Scrolls take you a little longer to read.
                  | [mutagenic glow]
   949 | D:2      | Quit the game

Illustrated notes

Levels and vault maps discovered:
D:1:      matt_arrival_los_fun, layout_loops_ring, serial_glass,
          glass_columns_a, glass_columns_b, glass_columns_b, glass_columns_b
D:2:      layout_rooms, grunt_dithmenos_smoke_and_mirrors,
          minmay_overflow_temple_star_quad, first_ration

Skill      XL: |  1  2 |
---------------+-------+-----
Fighting       | 3 |  3.8
Bows           | |  5.3
Dodging        | |  1.3
Stealth        | |  0.4

Action                   || total
-------------------------++-------
Melee: Short sword       ||    65
       Kick              ||    16
 Fire: Shortbow          ||     4
Armor: Leather armour    ||    26
Dodge: Dodged            ||    27

Table legend:
 A = Non-vault XP
 B = Vault XP
 C = Vault XP percentage of total XP
 D = Non-vault monster count
 E = Vault monster count
 F = Vault count percentage of total count
                 A         B        C        D         E       F
            +---------+---------+-------+---------+---------+-------
      Total |      57 |       0 |   0.0 |      23 |       0 |   0.0
            +---------+---------+-------+---------+---------+-------
        D:1 |      34 |       0 |   0.0 |      18 |       0 |   0.0
        D:2 |      23 |       0 |   0.0 |       5 |       0 |   0.0
            +---------+---------+-------+---------+---------+-------
